Cogmind - Beta 13 @@@ ROGUE MODE // 2024.06.13 @ 06:27:25 Player: Kafouille Result: Self-destructed Performance ------------- Evolutions (2) 1000 Regions Visited (4) 800 Robots Destroyed (107) 535 Value Destroyed (2494) 2494 Prototype IDs (12) 240 Alien Tech Used (0) 0 Bonus (240) 240 TOTAL SCORE: 5309 Bonus ------- High Alert Combat Kills 240 Cogmind --------- Core Integrity 361/550 Matter 263/300 Energy 310/310 System Corruption 0% Temperature Cool (0) Movement Walking (130) Location -8/Storage Parts ------- > --- POWER (1) -------- Heavy Deuterium Engine > --- PROPULSION (3) --- Improved Titanium Leg Improved Titanium Leg Improved Titanium Leg > --- UTILITY (4) ------ Cooling System Large Storage Unit Improved Targeting Computer Light Armor Plating > --- WEAPON (3) ------- Enhanced Autogun Enhanced Autogun Assault Cannon > --- INVENTORY (15) --- Heavy Deuterium Engine Improved Titanium Leg Improved Titanium Leg Improved Titanium Leg Improved Titanium Leg Improved Sensor Array Improved Terrain Scan Processor System Restoration Module System Restoration Module Enhanced Autogun Enhanced Autogun Enhanced Autogun Assault Cannon Missile Launcher Blade Saw Peak State ------------ > --- POWER ------------ Heavy Deuterium Engine > --- PROPULSION ------- Improved Titanium Leg Improved Titanium Leg Improved Titanium Leg > --- UTILITY ---------- Large Storage Unit Improved Targeting Computer Hardened Medium Armor Plating System Restoration Module > --- WEAPON ----------- Enhanced Autogun Enhanced Autogun Assault Cannon > --- INVENTORY -------- Heavy Deuterium Engine Heavy Deuterium Engine Wheel Cooling System Improved Sensor Array Improved Terrain Scanner Improved Terrain Scan Processor System Restoration Module System Restoration Module Enhanced Autogun Enhanced Autogun Enhanced Autogun Assault Cannon Missile Launcher Blade Saw [Rating: 43] Favorites ----------- Power Improved Ion Engine Engine Improved Ion Engine Power Core Light Nuclear Core Propulsion Wheel Leg Improved Titanium Leg Wheel Wheel Flight Unit Flight Unit Utility Large Storage Unit Device Cooling System Storage Large Storage Unit Processor Improved Targeting Computer Protection Light Armor Plating Weapon Enhanced Autogun Energy Gun Particle Gun Ballistic Gun Enhanced Autogun Ballistic Cannon Assault Cannon Launcher Missile Launcher Special Weapon Mining Laser Slashing Weapon Mining Claw Build | -11 -10 -9 -8 -8 ------- Run | Yrd Mat Mat Mat Sto Slots Evolved 4 | . . 2 2 . Power . | . . . . . Propulsion 1 | . . 1 . . Utility 2 | . . 1 1 . Weapon 1 | . . . 1 . Parts Attached 84 | 7 16 26 35 . Power 8 | 1 3 2 2 . Engine 7 | 1 3 2 1 . Core 1 | . . . 1 . Reactor . | . . . . . Propulsion 25 | 2 3 9 11 . Treads . | . . . . . Leg 3 | . . . 3 . Wheel 21 | 2 3 8 8 . Hover . | . . . . . Flight 1 | . . 1 . . Utility 19 | 2 2 7 8 . Device 8 | 1 . 3 4 . Storage 3 | 1 1 . 1 . Processor 1 | . . 1 . . Hackware . | . . . . . Protection 7 | . 1 3 3 . Artifact . | . . . . . Weapon 32 | 2 8 8 14 . Energy Gun 6 | 1 2 1 2 . Energy Cannon . | . . . . . Ballistic Gun 17 | 1 1 7 8 . Ballistic Cannon 2 | . . . 2 . Launcher 2 | . . . 2 . Special Weapon 1 | . 1 . . . Impact Weapon . | . . . . . Slashing Weapon 4 | . 4 . . . Piercing Weapon . | . . . . . Special Melee Weapon . | . . . . . Unidentified Prototypes 7 | . . 3 4 . Parts Lost 23 | . 7 10 6 . Power 4 | . 2 2 . . Propulsion 8 | . 3 3 2 . Utility 6 | . . 3 3 . Weapon 5 | . 2 2 1 . Highest Loss Streak 5 | . 4 5 2 . To Critical Strikes . | . . . . . Average Slot Usage (%) 93 | . 91 91 97 100 Engine 9 | . 13 10 6 9 Core 1 | . . . 2 . Leg 3 | . . . 9 27 Wheel 22 | . 23 28 16 . Device 7 | . 3 8 8 9 Storage 10 | . 14 11 9 9 Processor 4 | . . 3 9 9 Protection 8 | . 10 6 8 9 Energy Gun 1 | . 5 . . . Ballistic Gun 15 | . 4 19 19 18 Ballistic Cannon 2 | . . . 6 9 Slashing Weapon 3 | . 14 1 . . Naked Turns . | . . . . . Heaviest Build 52 | 12 32 37 52 47 Greatest Support 60 | 32 32 48 60 60 Greatest Overweight (x) 2 | . 1 2 2 . Average Overweight (x) . | . . . . . Largest Inventory Capacity 15 | 8 15 15 15 15 Average Capacity 14 | 6 14 15 15 15 Most Carried 15 | 4 14 15 15 15 Average Carried 12 | 2 9 14 14 15 Final Capacity 15 | 8 15 15 15 15 Final Carried 15 | 3 14 14 15 15 Class Distribution -------------------- 39% | Mutant 23% | Scavenger-Mutant 20% | Gunner 16% | Scavenger-Gunner Dominant Class ---------------- Mutant | -10/Materials Scavenger-Mutant | -9/Materials Gunner | -8/Materials Gunner | -8/Storage Resources | -11 -10 -9 -8 -8 ----------- Run | Yrd Mat Mat Mat Sto Matter Collected 3215 | 275 168 1224 1548 . Remotely . | . . . . . Salvage Created 3956 | 104 467 1613 1772 . Parts 249 | 4 27 117 101 . Haulers Intercepted 11 | . 2 4 5 . Recyclers Shooed 6 | . 2 1 3 . Parts Field Recycled . | . . . . . Retrieved Matter . | . . . . . Parts Self-Destructed . | . . . . . Prevented . | . . . . . Kills | -11 -10 -9 -8 -8 ------- Run | Yrd Mat Mat Mat Sto Combat Hostiles Destroyed 60 | . 9 26 25 . Melee 9 | . 7 2 . . Guns 41 | . 2 24 15 . Cannons 4 | . . . 4 . AOE 6 | . . . 6 . Classes Destroyed 14 | 2 5 3 4 . Worker 10 | . 1 2 7 . Builder 5 | . . 4 1 . Tunneler 2 | 1 . 1 . . Hauler 11 | . 2 4 5 . Recycler 10 | 1 1 3 5 . Operator 1 | . . 1 . . Watcher 8 | . 1 2 5 . Swarmer 13 | . 3 7 3 . Grunt 30 | . 6 13 11 . Brawler 3 | . . . 3 . Duelist 1 | . . . 1 . Protector 1 | . . . 1 . Sentry 11 | . . 6 5 . Hunter 1 | . . . 1 . Best Kill Streak 10 | 1 3 8 10 . Combat Bots Only 5 | . 3 4 5 . Max Kills in Single Turn 2 | 1 1 2 2 . Gunslinging 1 | . . . 1 . Exploded 2 | . . . 2 . Melee 1 | . 1 1 . . Uniques/NPCs Destroyed . | . . . . . Combat | -11 -10 -9 -8 -8 -------- Run | Yrd Mat Mat Mat Sto Hostile Shots Fired 328 | . 71 155 102 . Missed 76 | . 13 37 26 . Damage Taken 3262 | . 734 1232 1296 . Core 666 | . 172 305 189 . Absorbed by Shields 77 | . . 77 . . Redirected to Shielding 50 | . 13 37 . . Ignored by Resistances 48 | . . . 48 . Regen/Repaired (Parts) 157 | . . . 157 . Core Remaining (%) 51 | 100 31 23 . . Volleys Fired 261 | 8 29 130 94 . Largest 3 | 2 2 2 3 . Hottest 111 | 60 85 100 111 . Shots Fired 568 | 10 28 256 274 . Gun 514 | 10 28 254 222 . Cannon 42 | . . . 42 . Launcher 10 | . . . 10 . Special 2 | . . 2 . . Kinetic 516 | 2 1 254 259 . Thermal 42 | 8 27 2 5 . Explosive 10 | . . . 10 . Electromagnetic . | . . . . . Robot Hit Streak 12 | 6 9 11 12 . Robot Miss Streak 7 | 1 3 7 4 . Penetration Max . | . . . . . Secondary Targets 4 | . . 1 3 . Max Gunslinging Chain 1 | . . 1 1 . Shots Hit Robots 368 | 9 50 150 159 . Core Hits 153 | 3 15 57 78 . Critical Kills 2 | . . 1 1 . Critical Parts Destroyed 1 | . . . 1 . Critical Strikes 8 | . 2 1 5 . Burn 2 | . 2 . . . Destroy 3 | . . 1 2 . Blast 3 | . . . 3 . Melee Attacks 75 | . 60 15 . . Impact . | . . . . . Slashing 75 | . 60 15 . . Piercing . | . . . . . Sneak Attacks 6 | . 6 . . . Combat Hostiles . | . . . . . Follow-up Attacks 2 | . 2 . . . Damage Inflicted 7636 | 102 1173 2576 3785 . Guns 5188 | 102 292 2410 2384 . Cannons 416 | . . . 416 . Explosions 984 | . . . 984 . Melee 1035 | . 869 166 . . Ramming 13 | . 12 . 1 . Kinetic 5185 | 27 13 2410 2735 . Thermal 708 | 75 279 . 354 . Explosive 695 | . . . 695 . Electromagnetic . | . . . . . Impact . | . . . . . Slashing 1035 | . 869 166 . . Piercing . | . . . . . Highest Corruption 6 | . 6 1 2 . Average Corruption 3 | . 6 1 1 . Corruption Purged 2 | . . . 2 . Corruption Blocked . | . . . . . Effects 28 | . 20 2 6 . Message Errors 10 | . 8 . 2 . Matter Fused 5 | . 4 . 1 . Heat Flow Errors 1 | . 1 . . . Energy Discharges 3 | . 3 . . . Parts Rejected 3 | . 1 1 1 . Data Loss (minor) 2 | . 1 . 1 . Data Loss (major) 1 | . . 1 . . Weapon Failures 3 | . 2 . 1 . Overload Shots . | . . . . . Overflow Damage 116 | . 55 7 54 . Projectiles . | . . . . . Explosions 54 | . . . 54 . Melee 62 | . 55 7 . . Knockbacks 2 | . . . 2 . Impact . | . . . . . Kinetic 2 | . . . 2 . Secondary . | . . . . . Self-Inflicted Damage 129 | . 6 . 123 . Shots 3 | . . . 3 . Rammed 1 | . 1 . . . Targets Rammed 2 | . 1 . 1 . Kicked 1 | . . . 1 . Crushed . | . . . . . Highest Temperature 470 | 20 237 115 470 . Average Temperature 81 | 20 63 31 119 . Received Heat Transfer 970 | . 300 256 414 . Effects 9 | . . . 9 . Shutdowns 2 | . . . 2 . Interference 5 | . . . 5 . Damage (minor) 2 | . . . 2 . Siege Activations . | . . . . . Robots Corrupted . | . . . . . Combat Hostiles . | . . . . . Parts Fried . | . . . . . Impact Corruptions . | . . . . . Robots Melted . | . . . . . Combat Hostiles . | . . . . . Parts Melted . | . . . . . Heat Transferred 1250 | 175 777 . 298 . Parts Sabotaged . | . . . . . Parts Stolen . | . . . . . Parts Stripped . | . . . . . Power Chain Reactions . | . . . . . Alert | -11 -10 -9 -8 -8 ------- Run | Yrd Mat Mat Mat Sto Peak Influence 647 | 10 131 510 647 273 Initial 273 | . 6 9 215 273 Average 297 | 3 37 298 472 273 Maximum Alert Level 2 | . . 2 2 1 Low Security (%) 37 | 100 100 34 . . Level 1 23 | . . 35 28 100 Level 2 38 | . . 30 71 . Level 3 . | . . . . . Level 4 . | . . . . . Level 5 . | . . . . . High Security . | . . . . . Max Security . | . . . . . Squads Dispatched 4 | . . 2 2 . Investigation 1 | . . 1 . . Extermination . | . . . . . Reinforcement 1 | . . 1 . . Assault 2 | . . . 2 . Garrison . | . . . . . Intercept . | . . . . . Searches Triggered . | . . . . . Construction Impeded . | . . . . . Haulers Reinforced . | . . . . . Active Scanning Responses . | . . . . . Cargo Convoy Interrupts . | . . . . . Stealth | -11 -10 -9 -8 -8 --------- Run | Yrd Mat Mat Mat Sto Distress Signals 5 | . . 5 . . Communications Jammed . | . . . . . Distress Signals . | . . . . . Times Spotted 102 | . 14 51 37 . Peak Tracking Total 5 | . 4 5 5 . Tactical Retreats 10 | . 1 6 3 . Traps | -11 -10 -9 -8 -8 ------- Run | Yrd Mat Mat Mat Sto Traps Triggered 4 | . . 4 . . Indirectly . | . . . . . Trap Hack Attempts . | . . . . . Triggered . | . . . . . Disarmed . | . . . . . Reprogrammed . | . . . . . Reused . | . . . . . Traps Extracted . | . . . . . Installed . | . . . . . Triggered . | . . . . . Machines | -11 -10 -9 -8 -8 ---------- Run | Yrd Mat Mat Mat Sto Machines Disabled 9 | . 1 2 6 . Max in Single Turn 2 | . 1 1 2 . Machines Repaired . | . . . . . Machines Dismantled . | . . . . . Machines Sabotaged . | . . . . . Overloaded Fab Kills . | . . . . . Hacking | -11 -10 -9 -8 -8 --------- Run | Yrd Mat Mat Mat Sto Machines Accessed 20 | . 4 9 7 . Terminals 15 | . 4 8 3 . Fabricators . | . . . . . Repair Stations 1 | . . . 1 . Recycling Units . | . . . . . Scanalyzers 3 | . . 1 2 . Garrison Access 1 | . . . 1 . Total Hacks 57 | . 7 26 24 . Successful 28 | . 3 10 15 . Failed 29 | . 4 16 9 . Catastrophic 4 | . 1 1 2 . Database Lockouts . | . . . . . Manual . | . . . . . Terminals 34 | . 7 22 5 . Fabricators . | . . . . . Repair Stations 6 | . . . 6 . Recycling Units . | . . . . . Scanalyzers 13 | . . 4 9 . Garrison Access 4 | . . . 4 . Terminal Hacks 14 | . 3 8 3 . Robot Analysis 1 | . . 1 . . Prototype ID Bank 4 | . 1 3 . . Branch Access Points 2 | . 1 1 . . Unreport Threat 1 | . . . 1 . Locate Traps 1 | . . . 1 . Dispatch Records 1 | . . 1 . . Surveillance Status 1 | . . 1 . . Recall Investigation 1 | . . 1 . . Zone Layout 2 | . 1 . 1 . Fabricator Hacks . | . . . . . Repair Station Hacks 4 | . . . 4 . Scan Component 2 | . . . 2 . Repair 2 | . . . 2 . Recycling Unit Hacks . | . . . . . Scanalyzer 10 | . . 2 8 . Insert Component 5 | . . 1 4 . Analyze 5 | . . 1 4 . Garrison Access Hacks . | . . . . . Unauthorized Hacks . | . . . . . Terminals . | . . . . . Fabricators . | . . . . . Repair Stations . | . . . . . Recycling Units . | . . . . . Scanalyzers . | . . . . . Garrison Access . | . . . . . Data Cores Recovered . | . . . . . Used . | . . . . . Hacking Detections 13 | . 3 6 4 . Full Trace Events 2 | . . 1 1 . Feedback Events . | . . . . . Feedback Blocked . | . . . . . Robot Schematics Acquired . | . . . . . Robots Built . | . . . . . Authchips . | . . . . . Time . | . . . . . Total Robot Build Rating . | . . . . . Part Schematics Acquired 5 | . . 1 4 . Parts Built . | . . . . . Authchips . | . . . . . Time . | . . . . . Total Part Build Rating . | . . . . . Parts Repaired 2 | . . . 2 . Time 86 | . . . 86 . Parts Recycled . | . . . . . Recycled Matter . | . . . . . Retrieved Matter . | . . . . . Retrieved Components . | . . . . . Parts Scanalyzed 5 | . . 1 4 . Part Schematics Acquired 5 | . . 1 4 . Parts Damaged 1 | . . . 1 . Bothacking | -11 -10 -9 -8 -8 ------------ Run | Yrd Mat Mat Mat Sto Used RIF Installer . | . . . . . Robots Hacked . | . . . . . Non-combat . | . . . . . Combat . | . . . . . Robot Hacks Applied . | . . . . . Relay Couplers Released . | . . . . . Fabnet Peak Effective % . | . . . . . Robots Rewired . | . . . . . Allies Hacked . | . . . . . Hacks Repelled . | . . . . . Allies | -11 -10 -9 -8 -8 -------- Run | Yrd Mat Mat Mat Sto Total Allies . | . . . . . Largest Group . | . . . . . Highest-Rated Group . | . . . . . Highest-Rated Ally . | . . . . . Total Orders . | . . . . . Ally Attacks . | . . . . . Total Damage . | . . . . . Kills . | . . . . . Allies Corrupted . | . . . . . Allies Melted . | . . . . . Intel | -11 -10 -9 -8 -8 ------- Run | Yrd Mat Mat Mat Sto Robot Analysis Total 1 | . . 1 . . Derelict Logs Recovered . | . . . . . Drone Launches . | . . . . . Drone Recoveries . | . . . . . Exploration | -11 -10 -9 -8 -8 ------------- Run | Yrd Mat Mat Mat Sto Turns Passed 3883 | 77 930 1368 1495 13 Spaces Moved 2585 | 47 610 942 976 10 Core 3 | 3 . . . . Treads . | . . . . . Legs 368 | . . . 358 10 Wheels 2214 | 44 610 942 618 . Hover . | . . . . . Flight . | . . . . . Fastest Speed 50 | 50 100 80 95 130 Average Speed 103 | 96 103 99 108 130 Slowest Speed 270 | 100 115 130 270 130 Overloaded Moves . | . . . . . Propulsion Burnouts . | . . . . . Robots Hopped . | . . . . . Cave-ins Triggered 1 | . 1 . . . Exploration Rate (%) 40 | 5 68 67 59 5 Regions Visited 4 Branch Regions 1 Pre-discovered Areas . | . . . . . Known Exits Taken . | . . . . . Unknown Exits Taken 4 | 1 1 1 1 . Scrap Searched . | . . . . . Spaces Dug 11 | . 8 . 3 . Terrain Destroyed 99 | . 8 1 90 . Melee 8 | . 8 . . . Projectile 9 | . . 1 8 . AOE 82 | . . . 82 . Terrain Rammed . | . . . . . Walls Destroyed . | . . . . . Machines Disabled . | . . . . . Actions | -11 -10 -9 -8 -8 --------- Run | Yrd Mat Mat Mat Sto Total 3318 | 65 760 1187 1296 10 Wait 180 | . 25 28 127 . Move 2581 | 46 609 941 975 10 Hop . | . . . . . Pick Up 69 | 4 15 22 28 . Fast Attach 35 | 6 6 13 10 . Attach 22 | 1 6 6 9 . Detach 10 | . 4 2 4 . Swap 28 | . 4 7 17 . Drop 58 | . 4 23 31 . Fire 261 | 8 29 130 94 . Melee 72 | . 57 15 . . Ram 1 | . 1 . . . Kick 1 | . . . 1 . Crush . | . . . . . Escape Stasis . | . . . . . Rewire . | . . . . . Trap . | . . . . . Miscellaneous . | . . . . . Route ------- -11/Scrapyard -10/Materials (discovered 4 exits: *Mat x2 / *Min x2) -9/Materials (discovered 3 exits: *Mat / *Min x2) -8/Materials (discovered 2 exits: [*Fac] / *Sto) -8/Storage History --------- Turn | Location | Event 18 | -11/Scrapyard | Discovered new exit (range 15) 78 | -11/Scrapyard | Entered Materials 180 | -10/Materials | Discovered new exit (range 8) 329 | -10/Materials | Core integrity fell below 50% 332 | -10/Materials | Build established: Mutant 395 | -10/Materials | Crushed by falling debris 456 | -10/Materials | Lost 4 parts (1p1n2w) 580 | -10/Materials | Identified exit to Mines 783 | -10/Materials | Discovered new exit (range 15) 950 | -10/Materials | Discovered new exit (range 16) 1008 | -10/Materials | Entered another Materials area 1008 | -9/Materials | Evolved 2 slots: Propulsion x1, Utility x1 1095 | -9/Materials | Core integrity fell below 50% 1119 | -9/Materials | Lost 5 parts (1p1n2u1w) 1434 | -9/Materials | Identified exit to Mines 1849 | -9/Materials | Build established: Scavenger-Mutant 2362 | -9/Materials | Discovered new exit (range 15) 2376 | -9/Materials | Entered another Materials area 2376 | -8/Materials | Evolved 2 slots: Utility x1, Weapon x1 2461 | -8/Materials | Repaired Enh. Autogun 2489 | -8/Materials | Repaired Lgt. Armor Plating 2507 | -8/Materials | Discovered new exit (range 6) 2764 | -8/Materials | Build established: Scavenger-Gunner 3176 | -8/Materials | First assault squad dispatched 3397 | -8/Materials | Build established: Gunner 3410 | -8/Materials | Discovered new exit (range 3) 3871 | -8/Materials | Entered Storage 3884 | -8/Storage | Self-destructed Last Messages --------------- 03628_ G-50 Soldier destroyed. 03631_ The unstable cave ceiling collapses. 03658_ Acquired Lgt. Armor Plating. 03727_ Acquired 88 matter. 03729_ Acquired 20 matter. 03731_ Acquired 39 matter. 03740_ Acquired 65 matter. 03744_ Acquired 19 matter. 03791_ K-01 Serf destroyed. 03794_ K-01 Serf collects debris. 03796_ Acquired 13 matter. 03799_ K-01 Serf collects debris. 03811_ U-05 Engineer builds a Wall. 03812_ Penetrated by Slug. 03841_ U-05 Engineer builds a Wall. 03861_ Kicked R-06 Scavenger. LOCATION=UNKNOWN GOAL=ESCAPE 03884_ Connecting with Terminal... 03884_ Current location identified: Storage Map ----- +----------------------------------------------------+ | | | | | | | | | | | | | | | | | | | | | | | | | | | | | | | | | | | | | | | ?????????????????????????????????????????? | | ?????????????????????????????????????????? | | ?????????????????????????????????????????? | | ???????????????#######???????????????????? | | ?????########### #???????????????????? | | ?????# #???????????????????? | | ?????# @T #???????????????????? | | ?????# #???????????????????? | | ?????########### #???????????????????? | | ???????????????## ##???????????????????? | | ????????????????# #????????????????????? | | ????????????????# #????????????????????? | | ????????????????# #????????????????????? | | ????????????????# #????????????????????? | | ????????????????+ +????????????????????? | | ????????????????? #????????????????????? | | ????????????????? #????????????????????? | | ????????????????? #????????????????????? | | ????????????????? #????????????????????? | | ????????????????? #????????????????????? | | ????????????????? #????????????????????? | | ????????????????? ?????????????????????? | | ?????????????????????????????????????????? | | ?????????????????????????????????????????? | | ?????????????????????????????????????????? | | ?????????????????????????????????????????? | | ?????????????????????????????????????????? | | ?????????????????????????????????????????? | | ?????????????????????????????????????????? | | ?????????????????????????????????????????? | | ?????????????????????????????????????????? | +----------------------------------------------------+ Best States ------------- Heat Dissipation 53 Energy Generation 18 Energy Capacity 310 Matter Stores 300 Matter Capacity 300 Sight Range 16 Robot Scan Range 15 Terrain Scan Range 16 Terrain Scan Density 10 Armor Coverage 225 Resistance: TH 10 Core Shielding 20 Evasion (%) 55 Targeting Accuracy 6 Item Schematics ----------------- Enh. Autogun | -9/Materials | Scanalyzed Assault Cannon | -8/Materials | Scanalyzed Hrd. Medium Armor Plating | -8/Materials | Scanalyzed Imp. Titanium Leg | -8/Materials | Scanalyzed Hvy. Deuterium Engine | -8/Materials | Scanalyzed Robot Schematics ------------------ None Fabricated ------------ Nothing Alien Tech Used ----------------- None Achievements -------------- Unlikely Earthworm Challenges ------------ None Game ------ Seed LongswordTachyonBlaster Manual? 0 Play Time 01:10:47 Cumulative 14.7 hours Start 2024.04.16 @ 13:30:27 End 2024.06.13 @ 06:27:25 Sessions 3 Manual Loads 0 Difficulty Rogue Special Mode None Game No. 13 Rogue 13 Adventurer 0 Explorer 0 Win Type - Total 0 Types 0/0/0/0/0/0/0/0/0 Lore% 8 Gallery% 17 Achievement% 15 Wizard Run 0 Options --------- Layout 0 ASCII 0 Keyboard 1 Movement Numpad Keybinds 0 Fullscreen 2 Font 24/Smallcaps Map View 76x50 Zoom Use 0% Tactical HUD 1 Map Filters NONE Filters NONE Steam 1 RUN: 514ba217-24b5-4afb-afdb-65ff4712f32c